 Dungeon Crawl Stone Soup version 0.22.1-2-g9c5b331 (webtiles) character file.

17339 HoaS the Fighter (level 12, 0/126 HPs)
             Began as a Gargoyle Berserker on Dec 17, 2018.
             Was a High Priest of Trog.
             Engulfed by an ice statue's freezing vapour (1 damage)
             ... in an ice cave on Dec 22, 2018.
             The game lasted 00:49:10 (11336 turns).

HoaS the Fighter (Gargoyle Berserker)              Turns: 11336, Time: 00:49:11

Health: 0/126      AC: 26    Str: 21    XL:     12   Next: 47%
Magic:  12/12      EV:  2    Int:  9    God:    Trog [*****.]
Gold:   809        SH:  0    Dex: 13    Spells: 11/11 levels left

rFire    x . .     SeeInvis .     - Unarmed
rCold    + . .     Gourm    .   (no shield)
rNeg     + + +     Faith    .   (armour currently unavailable)
rPois    ∞         Spirit   .   (helmet currently unavailable)
rElec    .         Reflect  .   (cloak currently unavailable)
rCorr    .         Harm     .   (gloves currently unavailable)
MR       .....     NoTele   +   (boots currently unavailable)
Stlth    ++........             (no amulet)
HPRegen  0.31/turn              u - ring of stealth
MPRegen  0.13/turn              C - ring of ice

@: tree-form (expiring)
A: negative energy resistance 1, petrification resistance, rot immunity, AC +8
a: Berserk, Trog's Hand, Brothers in Arms, Renounce Religion


You were in an ice cave.
You worshipped Trog.
Trog was extremely pleased with you.
You were hungry.
You were a tree.
You visited 2 branches of the dungeon, and saw 13 of its levels.
You also visited: Ice Cave.

You collected 809 gold pieces.

Inventory:

Armour
 f - a +0 pair of boots (melded)
 h - a +2 pair of gloves (melded)
 k - a +2 hat
 r - a +6 scale mail of magic resistance (melded)
 y - the +2 helmet of the Valley (melded) {rC+ Int+2}
   (You found it on level 11 of the Dungeon)

   It affects your intelligence (+2).
   It protects you from cold.
Jewellery
 u - a ring of stealth (left branch)
 C - a ring of ice (right branch)
Wands
 a - a wand of iceblast (19)
Scrolls
 e - 3 scrolls of enchant weapon
 j - 2 scrolls of fog
 l - 7 scrolls of remove curse
 m - 3 scrolls of amnesia
 n - 3 scrolls of teleportation
Potions
 c - 2 potions of might
 d - 4 potions of flight
 g - 4 potions of haste
 i - a potion of mutation
 o - 2 potions of ambrosia {unknown}
 p - 2 potions of curing
 t - a potion of agility {unknown}
 w - a potion of berserk rage {unknown}
 x - a potion of degeneration {unknown}
Comestibles
 b - 13 rations


   Skills:
 * Level 13.8 Fighting
 + Level 9.6 Armour
 - Level 1.5 Dodging
 * Level 13.1 Unarmed Combat


You had 11 spell levels left.
You didn't know any spells.
Your spell library was empty.

Dungeon Overview and Level Annotations

Branches:
Dungeon (12/15)            Temple (0/1) D:5            Lair (1/6) D:10
    Orc: D:9-12

Altars:
Cheibriados
Dithmenos
Elyvilon
Qazlal
Ru
Trog
Wu Jian
Xom
Yredelemnul
Zin
Beogh

Annotations:
IceCv exclusion: ice statue


Innate Abilities, Weirdness & Mutations

You are resistant to torment.
((Your stone body is resilient. (AC +8)))
You are immune to poison.
You resist negative energy. (rN+)
((You are resistant to electric shocks. (rElec)))
((You can survive without breathing.))
You are immune to petrification.
You are immune to rotting.


Message History

The freezing blast engulfs the ice beast.
The ice beast completely resists.
You are engulfed in freezing vapours.
You resist.
* * * LOW HITPOINT WARNING * * *
The ice statue gestures.
The ice beast barely misses you.
You hit the ice beast but do no damage.
The ice beast is moderately wounded.
You are engulfed in freezing vapours.
You resist.
* * * LOW HITPOINT WARNING * * *
The ice beast hits you but does no damage.
You barely miss the ice beast.
The ice beast is lightly wounded.
You are engulfed in freezing vapours.
You resist.
* * * LOW HITPOINT WARNING * * *
Your transformation is almost over.
You pummel the ice beast!!
You kill the ice beast!
You are engulfed in freezing vapours.
You resist.
You die...

# .# ###.§#
#§§§8 ##§Y.
#§§# #♣.# ###
#.####§##
#..#§§§§#
##..§§§§##
#.).###§§##
##.#####.§##
###§###..≈#
##§§§###..##
###
##§.≈.§###..#


You could see an ice statue and an ice beast.

Vanquished Creatures
  Gastronok (Lair:1)
  5 two-headed ogres
  Nergalle (D:12)
  An orc knight (D:11)
  A spiny frog (Lair:1)
  A polar bear (IceCv)
  3 trolls
  A slime creature (D:11)
  4 hippogriffs
  A wraith (D:11)
  3 wyverns
  17 yaks
  Eustachio (D:6)
  Edmund (D:5)
  Menkaure (D:4)
  Duvessa (D:7)
  3 water moccasins
  6 orc warriors
  3 ice beasts
  2 eyes of draining
  2 phantoms
  5 sky beasts
  2 necrophages
  7 centaurs
  A wolf (IceCv)
  7 ogres
  5 bullfrogs
  A wyvern zombie (D:6)
  3 scorpions
  5 wights (D:9)
  4 howler monkeys
  5 crimson imps
  2 bullfrog zombies
  2 centaur zombies
  5 hounds
  A centaur skeleton (D:7)
  A jelly (D:6)
  10 orc priests
  2 bullfrog skeletons
  A gnoll shaman (D:6)
  11 orc wizards
  7 worker ants
  2 hound zombies
  A hound skeleton (D:10)
  A howler monkey zombie (D:9)
  16 gnolls
  10 adders
  3 shadow imps
  An ooze (D:2)
  2 worms
  2 adder skeletons (D:6)
  An adder zombie (D:7)
  3 dart slugs
  3 leopard geckos
  41 orcs
  8 bats
  3 giant cockroaches
  4 goblins
  4 hobgoblins
  5 jackals (D:5)
  6 quokkas
  2 ball pythons
  7 frilled lizards
  8 kobolds
  A leopard gecko skeleton (D:5)
  10 rats
290 creatures vanquished.

Vanquished Creatures (collateral kills)
  Dowan (D:7)
1 creature vanquished.

Vanquished Creatures (others)
  2 polar bears (IceCv)
  A yak (IceCv)
  A wolf (IceCv)
  5 plants (D:10)
9 creatures vanquished.

Grand Total: 300 creatures vanquished

Notes
Turn   | Place    | Note
-------+----------+-------------------------------------------
     0 | D:1      | HoaS the Gargoyle Berserker began the quest for the Orb.
     0 | D:1      | Reached XP level 1. HP: 14/14 MP: 1/1
   186 | D:1      | Reached XP level 2. HP: 19/19 MP: 2/2
   925 | D:2      | Reached ** piety under Trog
  1028 | D:2      | Reached XP level 3. HP: 21/24 MP: 3/3
  1109 | D:2      | Found a shimmering altar of Xom.
  1548 | D:3      | Reached XP level 4. HP: 29/30 MP: 4/4
  2245 | D:4      | Reached XP level 5. HP: 18/34 MP: 5/5
  2389 | D:4      | Noticed Menkaure
  2402 | D:4      | Killed Menkaure
  2402 | D:4      | Reached skill level 5 in Fighting
  2402 | D:4      | Reached skill level 5 in Unarmed Combat
  2402 | D:4      | Reached XP level 6. HP: 40/40 MP: 6/6
  2732 | D:4      | Reached *** piety under Trog
  2762 | D:4      | Reached XP level 7. HP: 39/46 MP: 7/7
  3098 | D:5      | Entered Level 5 of the Dungeon
  3098 | D:5      | Found a staircase to the Ecumenical Temple.
  3303 | D:5      | Found a basalt altar of Yredelemnul.
  3415 | D:5      | Noticed Edmund
  3448 | D:5      | Killed Edmund
  3462 | D:5      | Reached XP level 8. HP: 49/53 MP: 8/8
  3743 | D:5      | Found a bloodstained altar of Trog.
  4012 | D:6      | Found a stormy altar of Qazlal.
  4296 | D:6      | Reached XP level 9. HP: 60/60 MP: 9/9
  4330 | D:6      | Reached **** piety under Trog
  4444 | D:6      | Reached skill level 5 in Armour
  4466 | D:6      | Noticed Eustachio
  4481 | D:6      | Killed Eustachio
  4917 | D:7      | Found a white marble altar of Elyvilon.
  4987 | D:7      | Found a snail-covered altar of Cheibriados.
  5054 | D:7      | Noticed Duvessa
  5054 | D:7      | Noticed Dowan
  5059 | D:7      | Killed Dowan
  5071 | D:7      | Killed Duvessa
  5423 | D:7      | Found a sacrificial altar of Ru.
  5560 | D:8      | Noticed a two-headed ogre
  5571 | D:8      | Reached skill level 10 in Fighting
  5577 | D:8      | Killed a two-headed ogre
  5577 | D:8      | Reached skill level 10 in Unarmed Combat
  5577 | D:8      | Reached XP level 10. HP: 67/68 MP: 10/10
  5847 | D:8      | Found an ornate altar of the Wu Jian Council.
  5856 | D:8      | Found a shadowy altar of Dithmenos.
  6716 | D:9      | Received a gift from Trog
  6830 | D:9      | Found a glowing silver altar of Zin.
  7167 | D:10     | Entered Level 10 of the Dungeon
  7569 | D:10     | Reached XP level 11. HP: 44/76 MP: 11/11
  7798 | D:10     | Found a staircase to the Lair.
  7955 | D:10     | Noticed a two-headed ogre
  7965 | D:10     | Killed a two-headed ogre
  8190 | D:10     | Noticed a two-headed ogre
  8202 | D:10     | Killed a two-headed ogre
  8744 | D:10     | Noticed a two-headed ogre
  8753 | D:10     | Killed a two-headed ogre
  9037 | D:11     | Noticed a two-headed ogre
  9190 | D:10     | Killed a two-headed ogre
  9381 | D:11     | Got a transparent helmet
  9408 | D:11     | Identified the +2 helmet of the Valley {rC+ Int+2} (You
                  | found it on level 11 of the Dungeon)
  9728 | D:12     | Noticed Nergalle
  9739 | D:12     | Killed Nergalle
  9753 | D:12     | Noticed a manticore
  9804 | D:12     | Reached XP level 12. HP: 61/84 MP: 12/12
  9829 | D:12     | Reached ***** piety under Trog
 10356 | D:12     | Found a roughly hewn altar of Beogh.
 10731 | Lair:1   | Entered Level 1 of the Lair of Beasts
 10782 | Lair:1   | Noticed Gastronok
 10805 | Lair:1   | Killed Gastronok
 10811 | Lair:1   | Found a frozen archway.
 10834 | IceCv    | Entered an ice cave
 11335 | IceCv    | HP: 1/126 [ice statue] (7)]
 11336 | IceCv    | Engulfed by an ice statue's freezing vapour

Skill      XL: |  1  2  3  4  5  6  7  8  9 10 11 12 |
---------------+-------------------------------------+-----
Fighting       | 4 5 6 7 8 10 11 13 | 13.8
Unarmed Combat | 4 5 6 7 8 10 11 12 13 | 13.1
Armour         | 3 4 6 7 9 |  9.6
Dodging        | |  1.5

Action                   |  1- 3 |  4- 6 |  7- 9 | 10-12 || total
-------------------------+-------+-------+-------+-------++-------
Melee: Unarmed           |   117 |   131 |   446 |   672 ||  1366
       Punch             |     1 |     2 |    21 |    37 ||    61
Invok: Berserk           |       |     1 |     2 |     5 ||     8
       Trog's Hand       |       |     1 |     2 |     5 ||     8
Evoke: Wand              |       |       |       |    30 ||    30
  Use: Scroll            |     4 |     3 |     9 |    10 ||    26
       Potion            |       |       |       |     3 ||     3
 Stab: Sleeping          |     2 |     1 |       |       ||     3
       Paralysed         |       |       |     2 |       ||     2
  Eat: Chunk             |     2 |     5 |    12 |    18 ||    37
       Ration            |       |       |       |     2 ||     2
Armor: Animal skin       |    10 |       |       |       ||    10
       Robe              |    25 |    29 |     1 |       ||    55
       Chain mail        |       |       |    49 |       ||    49
       Scale mail        |       |       |   214 |   377 ||   591
       Skin              |       |       |       |     7 ||     7
Dodge: Dodged            |    68 |    77 |   184 |   255 ||   584
